[Event "*** Titled Tuesday Blitz"]
[Site "Chess.com"]
[Date "2020.11.24"]
[Round "10"]
[White "AliKa2810"]
[Black "Zhigalko_Sergei"]
[Result "0-1"]
[WhiteElo "2604"]
[BlackElo "2883"]
[TimeControl "180+1"]
[EndTime "12:13:35 PST"]
[Termination "Zhigalko_Sergei won by resignation"]

1. d4 Nf6 2. c4 e6 3. Nc3 Bb4 4. e3 O-O 5. Ne2 d5 6. a3 Be7 7. cxd5 exd5 8. g3 c6 9. Bg2 Re8 10. O-O Nbd7 11. Bd2 Nb6 12. b3 Bf5 13. f3 Bf8 14. g4 Bd3 15. Bc1 Ba6 16. Rf2 Bd6 17. Ng3 Qc7 18. Nce2 Bxe2 19. Nxe2 Bxh2+ 20. Kh1 Bg3 21. Rf1 Bd6 22. Qe1 Re6 23. g5 Nh5 24. Qh4 g6 25. Bh3 Re7 26. Kg2 Rae8 27. Kf2 c5 28. Bg4 cxd4 29. Bxh5 dxe3+ 30. Kg2 Qc2 31. f4 gxh5 32.
Qxh5 d4 33. Rh1 Nd5 34. Ra2 Nxf4+ 35. Kf3 Qe4+ 0-1

[Event "*** Titled Tuesday Blitz"]
[Site "Chess.com"]
[Date "2020.11.24"]
[Round "10"]
[White "2346PL"]
[Black "juancruzarias"]
[Result "1-0"]
[WhiteElo "2452"]
[BlackElo "2536"]
[TimeControl "180+1"]
[EndTime "12:13:36 PST"]
[Termination "2346PL won on time"]

1. d4 e6 2. Nc3 f5 3. e4 fxe4 4.
Nxe4 Nf6 5. Nxf6+ Qxf6 6. Nf3 h6 7.
Bd3 c5 8. Be3 Nc6 9. dxc5 Be7 10. c3 O-O 11. Bc2 Ne5 12. Nxe5 Qxe5 13. Qd3 Bxc5 14.
O-O-O Bxe3+ 15. fxe3 Qf5 16. Qd6 Qf6 17. g4 e5 18. Qd3 g6 19. Rhf1 e4 20. Qd5+ Qe6 21. Rxf8+ Kxf8 22. Rf1+ Ke7 23. Qd4 Kd8 24. Bb3 Qe7 25.
Qh8+ Kc7 26. Qxh6 Qc5 27. Qf4+ d6 28. Qxe4 Bd7 29. Rf7 Rd8 30. Ba4 b5 31. Bb3 a6 32.
Be6 Qg5 33. Qf4 Qc5 34. Qd4 1-0

[Event "*** Titled Tuesday Blitz"]
[Site "Chess.com"]
[Date "2020.11.24"]
[Round "10"]
[White "amatatanav"]
[Black "HanSchut"]
[Result "1-0"]
[WhiteElo "2380"]
[BlackElo "2208"]
[TimeControl "180+1"]
[EndTime "12:13:37 PST"]
[Termination "amatatanav won by checkmate"]

1. e4 c5 2. Ne2 d6 3. g3 g6 4. Bg2 Bg7 5. c3 Nc6 6. d4 cxd4 7. cxd4 Nf6 8. Nbc3 O-O 9. O-O Bd7 10. h3 Rc8 11. Be3 Na5 12. b3 b6 13. Qd2 Rc7 14. f4 Bc6 15. g4 Ne8 16. g5 Ba8 17. h4 Qc8 18. Kh2 Qg4 19. Rf3 Qxh4+ 20. Rh3 Qg4 21. f5 Rxc3 22.
Nxc3 gxf5 23. Bf3 e5 24. Bxg4 fxg4 25. Rh4 g3+ 26. Kxg3 f5 27. gxf6 Nxf6 28. dxe5 dxe5 29. Rg1 Kh8 30. Kh2 Nc6 31. Rxg7 Kxg7 32. Bh6+ Kf7 33. Bxf8 Kxf8 34. Qd6+ Kf7 35. Nd5 Nxd5 36. Rxh7+ Kg8 37. Qg6+ Kf8 38. Qf7# 1-0

[Event "*** Titled Tuesday Blitz"]
[Site "Chess.com"]
[Date "2020.11.24"]
[Round "10"]
[White "verdest"]
[Black "Alexander_Kachko"]
[Result "0-1"]
[WhiteElo "2635"]
[BlackElo "2786"]
[TimeControl "180+1"]
[EndTime "12:13:38 PST"]
[Termination "Alexander_Kachko won by resignation"]

1. e4 Nc6 2. Nf3 d6 3. d4 g6 4. Bb5 Bd7 5. d5 Nb8 6. Bxd7+ Nxd7 7. O-O Bg7 8. c4 Ngf6 9. Nc3 O-O 10. Re1 c6 11. h3 Qc7 12. Bf4 Nh5 13. Bh2 Ne5 14. Nxe5 dxe5 15. c5 Rfd8 16. Qb3 Nf4 17. Rad1 Rac8 18.
d6 exd6 19. cxd6 Qb6 20. Qxb6 axb6 21. Bxf4 exf4 22. e5 b5 23. e6 fxe6 24. Rxe6 Rd7 25. Ne4 b6 26. Re7 Rcd8 27. Re1 h6 28. b3 Kf8 29.
Re6 Kf7 30. Nd2 Bc3 31. Re7+ Kf8 32. R1e2 Bxd2 33. Rxd2 Rxe7 34. dxe7+ Kxe7 35. Re2+ Kf6 36. g4 Rd3 37. Kg2 f3+ 0-1

[Event "*** Titled Tuesday Blitz"]
[Site "Chess.com"]
[Date "2020.11.24"]
[Round "10"]
[White "Chessdreamer2020"]
[Black "barriochess"]
[Result "1-0"]
[WhiteElo "2527"]
[BlackElo "2375"]
[TimeControl "180+1"]
[EndTime "12:13:38 PST"]
[Termination "Chessdreamer2020 won by checkmate"]

1. e4 d6 2. d4 Nf6 3. f3 d5 4. e5 Ng8 5. c4 dxc4 6. Bxc4 e6 7. Nc3 Nd7 8. Bb3 Nb6 9. Nge2 c5 10. Be3 cxd4 11.
Qxd4 Bd7 12. O-O Ne7 13. Rad1 Nc6 14. Qg4 h5 15. Qg3 a6 16. Bg5 Qc7 17. f4 Bc5+ 18.
Kh1 Na5 19. Bc2 Nac4 20. f5 h4 21. Bxh4 Ne3 22. Qxg7 Rxh4 23. fxe6 Bxe6 24. Ne4 Rxe4 25. Bxe4 Nxf1 26. Nf4 Rd8 27. Rxf1 Bxa2 28. e6 Bf8 29. Qg8 Rd4 30. Ng6 Rxe4 31. Qxf8# 1-0

[Event "*** Titled Tuesday Blitz"]
[Site "Chess.com"]
[Date "2020.11.24"]
[Round "10"]
[White "ChessQueen"]
[Black "xberli"]
[Result "1-0"]
[WhiteElo "2739"]
[BlackElo "2588"]
[TimeControl "180+1"]
[EndTime "12:13:39 PST"]
[Termination "ChessQueen won on time"]

1. e4 c5 2. c3 Nf6 3. e5 Nd5 4. Nf3 g6 5. Bc4 Nb6 6. Bb3 Bg7 7. d4 cxd4 8. cxd4 O-O 9. O-O d6 10. Nc3 Nc6 11. exd6 Qxd6 12. Ne4 Qd8 13. Be3 Nd5 14. Nc3 Nxe3 15. fxe3 Bf5 16. Ng5 e6 17. Nge4 e5 18. d5 Na5 19. Ba4 Qb6 20. Qe2 Rac8 21. Ng3 Qb4 22. Nxf5 gxf5 23. Bd7 Rc7 24. Bxf5 Nc4 25. Rab1 Qc5 26. Rf3 Bh6 27. Rg3+ Kh8 28. Ne4 Qb6 29. d6 Nxd6 30. Bxh7 f5 31. Nxd6 Qxd6 32. Rg6 Rf6 33. Qh5 Rxg6 34. Bxg6 Kg7 35. Bxf5 1-0

[Event "*** Titled Tuesday Blitz"]
[Site "Chess.com"]
[Date "2020.11.24"]
[Round "10"]
[White "sergeikim"]
[Black "tylityli"]
[Result "1-0"]
[WhiteElo "2512"]
[BlackElo "2320"]
[TimeControl "180+1"]
[EndTime "12:13:40 PST"]
[Termination "sergeikim won by resignation"]

1. d4 Nf6 2. c4 e6 3. Nc3 Bb4 4. Qc2 O-O 5. a3 Bxc3+ 6. Qxc3 b6 7. Nf3 Bb7 8. g3 d6 9. Bg2 Nbd7 10. O-O a5 11. b3 Be4 12. Bh3 h6 13. Nd2 Bb7 14.
f3 e5 15. d5 e4 16. f4 Re8 17. e3 Nc5 18. Bg2 Bc8 19. Bb2 Bf5 20. h3 h5 21.
Kh2 Qe7 22. Rg1 Nd3 23. Bf1 Nxb2 24. Qxb2 Qd7 25. Qd4 c5 26. dxc6 Qxc6 27. Be2 Qd7 28. Bf1 Qc6 29. Bg2 Rad8 30. Rac1 d5 31. c5 b5 32. b4 a4 33. Rcd1 Qd7 34. Nb1 Qc6 35. Nc3 Re7 36. Bf1 Rb7 37. Be2 Qd7 38. Bf1 Qc6 39. Rd2 Qd7 40. Ne2 Qe6 41. Qc3 Rc8 42.
Nd4 Qd7 43. Rc2 Rbb8 44. c6 1-0

[Event "*** Titled Tuesday Blitz"]
[Site "Chess.com"]
[Date "2020.11.24"]
[Round "10"]
[White "Chernov_Mikhail"]
[Black "Campelov"]
[Result "1-0"]
[WhiteElo "2324"]
[BlackElo "2194"]
[TimeControl "180+1"]
[EndTime "12:13:41 PST"]
[Termination "Chernov_Mikhail won by resignation"]

1. e4 c5 2. Nf3 e6 3. d4 cxd4 4. Nxd4 Nc6 5. Be2 Qc7 6. O-O a6 7. Be3 Nf6 8. Nc3 Bb4 9. Na4 Be7 10. Nxc6 bxc6 11. Nb6 Rb8 12. Nxc8 Qxc8 13. e5 Nd5 14. Bc1 Bc5 15. a3 O-O 16. c4 Ne7 17. b4 Bb6 18.
Bd3 Qc7 19. Qh5 g6 20. Qe2 Bd4 21. Bb2 Bxb2 22. Qxb2 d5 23. exd6 Qxd6 24. Rad1 Qc7 25. Rfe1 a5 26. h4 axb4 27. axb4 h5 28. Rb1 Rfd8 29. Bf1 Nf5 30. g3 Nd4 31. Bg2 c5 32. b5 Rd7 33. b6 Qd8 34. b7 Qc7 35. Qb6 Kf8 36. Qxc7 Rxc7 37. Rb6 Ke7 38. Ra1 Kd7 39. Ra8 Nc6 40. Bxc6+ Rxc6 41. Rxc6 Kxc6 42. Rxb8 1-0

[Event "*** Titled Tuesday Blitz"]
[Site "Chess.com"]
[Date "2020.11.24"]
[Round "10"]
[White "PIwan"]
[Black "No_t_ime_to_die"]
[Result "0-1"]
[WhiteElo "2531"]
[BlackElo "2440"]
[TimeControl "180+1"]
[EndTime "12:13:44 PST"]
[Termination "No_t_ime_to_die won on time"]

1. c4 Nf6 2. Nc3 e5 3. Nf3 Nc6 4. e3 Bb4 5. Qc2 O-O 6. Nd5 Bc5 7. a3 a5 8. Ng5 g6 9. h4 d6 10. b3 Nxd5 11. cxd5 Ne7 12. Bc4 b5 13. Bxb5 Nxd5 14. Bc6 Nb6 15. Bxa8 Nxa8 16. Bb2 Nb6 17. d3 Ba6 18. Ne4 Nd7 19. O-O Qxh4 20. b4 Bb6 21. Bc3 axb4 22. axb4 Bb7 23. Qb3 Bxe4 24. dxe4 Qxe4 25.
Rfd1 Nf6 26. Qb1 Qg4 27. Qd3 Re8 28. b5 h5 29. Ba5 Bxa5 30. Rxa5 h4 31. Qf1 h3 32. f3 Qg5 33. Ra3 Nh5 34. g4 Nf6 35. Qxh3 e4 36. f4 Qxb5 37. g5 Nh5 38. f5 Qc5 39. Ra2 Nf4 0-1

[Event "*** Titled Tuesday Blitz"]
[Site "Chess.com"]
[Date "2020.11.24"]
[Round "10"]
[White "zurzan"]
[Black "pavelalexandru07"]
[Result "0-1"]
[WhiteElo "2068"]
[BlackElo "2276"]
[TimeControl "180+1"]
[EndTime "12:13:44 PST"]
[Termination "pavelalexandru07 won on time"]

1. f4 d5 2. Nf3 c5 3. g3 Nc6 4. Bg2 g6 5. O-O Bg7 6. d3 Nf6 7. c3 O-O 8. Qc2 Re8 9. e4 e6 10. e5 Nd7 11. d4 b6 12. Be3 a5 13. a4 Ba6 14. Re1 Rc8 15. Na3 cxd4 16. Nxd4 Nxd4 17. Bxd4 Nc5 18. Nb5 Bxb5 19. axb5 Bf8 20. Qe2 Nb7 21.
h4 Bc5 22. Kh2 Bxd4 23. cxd4 Rc4 24. Rad1 Qe7 25. b3 Rb4 26. h5 Rxb3 27. Rc1 a4 28. hxg6 hxg6 29. Qa2 Qb4 30. Red1 Na5 31. Qe2 Nc4 32. Kh1 a3 33. Bf3 Rb2 34. Rc2 Rxc2 35.
Qxc2 Qb2 36. Qxb2 axb2 37. Rb1 Ra8 0-1

[Event "*** Titled Tuesday Blitz"]
[Site "Chess.com"]
[Date "2020.11.24"]
[Round "10"]
[White "DenisQ"]
[Black "Neftegor"]
[Result "1-0"]
[WhiteElo "2681"]
[BlackElo "2531"]
[TimeControl "180+1"]
[EndTime "12:13:45 PST"]
[Termination "DenisQ won by checkmate"]

1. Nf3 Nf6 2. g3 g6 3. Bg2 Bg7 4.
O-O O-O 5. c4 c6 6. Nc3 d5 7.
cxd5 cxd5 8. d4 Ne4 9. Ne5 Nxc3 10. bxc3 Nc6 11. Nxc6 bxc6 12. Qa4 Be6 13. Ba3 Qd7 14. Rab1 Rac8 15. Bc5 Rc7 16. Qc2 Bh3 17. Rb3 h5 18.
Rfb1 Bxg2 19. Kxg2 h4 20. Qd3 Re8 21. Rb8 Rcc8 22.
Rxc8 Rxc8 23. Qa6 h3+ 24. Kf1 Qf5 25. Qd3 Qd7 26. Qe3 Re8 27. f3 e5 28. dxe5 Rxe5 29. Rb8+ Kh7 30. Qf4 Qe6 31. Bd4 g5 32. Qd2 Rf5 33. Bxg7 Kxg7 34. Qd4+ Rf6 35. Rb7 a5 36. Kf2 g4 37. Qe3 Qf5 38. f4 c5 39. Qxc5 Qe4 40.
Qe3 Qg2+ 41. Ke1 Re6 42. Qd4+ Kg6 43. f5+ Kxf5 44. Rxf7+ Kg6 45. Qg7+ Kh5 46. Rf5# 1-0

[Event "*** Titled Tuesday Blitz"]
[Site "Chess.com"]
[Date "2020.11.24"]
[Round "10"]
[White "Vi_Los"]
[Black "IgorBjelobrk"]
[Result "0-1"]
[WhiteElo "2356"]
[BlackElo "2667"]
[TimeControl "180+1"]
[EndTime "12:13:45 PST"]
[Termination "IgorBjelobrk won by resignation"]

1. e4 e5 2. Nf3 Nc6 3. Bb5 Nf6 4. O-O Nxe4 5. Re1 Nd6 6. Nxe5 Be7 7. Bf1 Nf5 8. Nc3 O-O 9. d3 Nxe5 10. Rxe5 d6 11.
Re1 c6 12. Bf4 Nd4 13. Be3 Ne6 14. d4 d5 15. Ne2 Bd6 16. g3 Ng5 17. Bxg5 Qxg5 18.
Bg2 Bg4 19. Qd3 Rfe8 20. Nc3 Bf5 21. Rxe8+ Rxe8 22. Qd1 h5 23. Na4 b6 24. c4 dxc4 25.
Bxc6 Re7 26. Nc3 Bd3 27. Qf3 Qd2 28. Qd1 Qxb2 29. Nd5 Re2 30. Ne3 Qxd4 31. Bf3 Rxe3 32. fxe3 Qxe3+ 33. Kg2 h4 34. Qg1 h3+ 35. Kxh3 Qxf3 36.
Qd4 Bf5+ 0-1

[Event "*** Titled Tuesday Blitz"]
[Site "Chess.com"]
[Date "2020.11.24"]
[Round "10"]
[White "TheCairnTerrier"]
[Black "Loy_Konstantin"]
[Result "0-1"]
[WhiteElo "2178"]
[BlackElo "2385"]
[TimeControl "180+1"]
[EndTime "12:13:46 PST"]
[Termination "Loy_Konstantin won on time"]

1. e4 c5 2. Nf3 d6 3. Bb5+ Nd7 4. O-O a6 5. Bxd7+ Bxd7 6. d4 cxd4 7. Qxd4 e5 8. Qd3 h6 9. c4 Nf6 10. Nc3 Be7 11. Be3 O-O 12. Rfd1 Qc7 13. a4 Bc6 14. a5 Rac8 15. Bb6 Qd7 16. Ne1 Qe6 17. Nc2 Nh5 18. Nd5 Bxd5 19. cxd5 Qg6 20. f3 Nf4 21.
Qd2 Nxg2 22. Kh1 Nf4 23. Rg1 Qh5 24. Rg3 Bh4 25. Rg4 Kh7 26. Rag1 g6 27. Be3 Bg5 28. Ne1 f5 29. R4g3 Nh3 30. R1g2 f4 31. Rxh3 fxe3 32.
Qe2 Qxh3 0-1

[Event "*** Titled Tuesday Blitz"]
[Site "Chess.com"]
[Date "2020.11.24"]
[Round "10"]
[White "OsorioFernando"]
[Black "WPWPWP-2015"]
[Result "1-0"]
[WhiteElo "2372"]
[BlackElo "2501"]
[TimeControl "180+1"]
[EndTime "12:13:49 PST"]
[Termination "OsorioFernando won on time"]

1. e4 c5 2. Nc3 d6 3. g3 g6 4.
Bg2 Bg7 5. d3 e6 6. Be3 Ne7 7.
Qd2 O-O 8. Bh6 Nd7 9. h4 Nf6 10. Bxg7 Kxg7 11. h5 Bd7 12. O-O-O b5 13. Qf4 Ne8 14.
hxg6 fxg6 15. Qh6+ Kf7 16. Nf3 Nf6 17. e5 Nf5 18.
Qh2 Ne8 19. g4 Nd4 20. Qxh7+ Ng7 21. Rh6 Nxf3 22. Qxg6+ Kg8 23. Bxf3 Qe8 24. Bxa8 Qxg6 25. Rxg6 d5 26. Bxd5 exd5 27. Nxd5 Kh7 28. Ne7 Bxg4 29. Rh1+ Nh5 30. Rxg4 1-0

[Event "*** Titled Tuesday Blitz"]
[Site "Chess.com"]
[Date "2020.11.24"]
[Round "10"]
[White "wisdomboy"]
[Black "Unknown_IM"]
[Result "0-1"]
[WhiteElo "2190"]
[BlackElo "2389"]
[TimeControl "180+1"]
[EndTime "12:13:49 PST"]
[Termination "Unknown_IM won on time"]

1. d4 d5 2. c4 e6 3. Nc3 c6 4. Nf3 dxc4 5. a4 Bb4 6. e4 b5 7.
Be2 Bb7 8. O-O a6 9. Bg5 Ne7 10. Qc2 h6 11. Bf4 Nd7 12. Rfd1 O-O 13. e5 Nd5 14.
Bg3 Nxc3 15. bxc3 Be7 16. Nd2 c5 17. Bf3 Qc7 18. Ne4 cxd4 19. Rxd4 Nc5 20. Nd6 Bxf3 21. gxf3 Nb3 22. Rad1 Nxd4 23. Rxd4 Qc6 24. f4 Rfd8 25. f5 Bxd6 26. exd6 Qf3 27. fxe6 fxe6 28. Rf4 Qd5 29. Qg6 Ra7 30. Rf6 Qg5 31. Qxg5 hxg5 32. Rxe6 bxa4 33. Re4 Rb7 34. Rxc4 a3 35. Ra4 Rb3 36. c4 Rc3 37. Rxa6 Kf7 38. c5 Ke6 39. c6 g6 40.
Kg2 g4 0-1

[Event "*** Titled Tuesday Blitz"]
[Site "Chess.com"]
[Date "2020.11.24"]
[Round "10"]
[White "Fortitudine"]
[Black "CoachHakia"]
[Result "1-0"]
[WhiteElo "2360"]
[BlackElo "2179"]
[TimeControl "180+1"]
[EndTime "12:13:50 PST"]
[Termination "Fortitudine won by resignation"]

1. c4 e5 2. g3 Nf6 3. Bg2 Bc5 4. Nc3 c6 5. Nf3 e4 6. Ng5 d5 7. cxd5 cxd5 8. d4 Be7 9. Nh3 O-O 10. Bg5 h6 11. Bxf6 Bxf6 12. Nf4 Be6 13. h4 Nc6 14. e3 Rc8 15. O-O Qd7 16. Qb3 Ne7 17. Rfc1 g5 18.
hxg5 hxg5 19. Nxe6 fxe6 20. Na4 b6 21. Bh3 Nf5 22.
Nc3 Bg7 23. Ne2 Rxc1+ 24. Rxc1 Qf7 25. Rf1 Qh5 26. Bg2 Qxe2 27. Qa4 Qh5 28. Qxa7 Qf7 29.
Qxb6 Rc8 30. a4 Qc7 31. Qxe6+ Kh8 32. Qxf5 Ra8 33. Qxd5 Rxa4 34. Bxe4 Rb4 35. Qf5 Kg8 36. Bd5+ Kh8 37. Kg2 Rxb2 38. Rh1+ 1-0

[Event "*** Titled Tuesday Blitz"]
[Site "Chess.com"]
[Date "2020.11.24"]
[Round "10"]
[White "jacky72"]
[Black "kleopl"]
[Result "0-1"]
[WhiteElo "2670"]
[BlackElo "2522"]
[TimeControl "180+1"]
[EndTime "12:13:51 PST"]
[Termination "kleopl won by checkmate"]

1. d4 f5 2. c4 Nf6 3. g3 d6 4. Bg2 g6 5. Nf3 Bg7 6. O-O O-O 7. b3 e5 8. Bb2 e4 9. Ng5 Nc6 10. f3 exf3 11. exf3 h6 12. Nh3 g5 13. Nc3 a6 14. Qd2 Qe8 15. Rae1 Qg6 16. Nf2 Bd7 17. d5 Ne5 18. Nd3 Nxd3 19. Qxd3 Rae8 20. Qd2 Nh5 21. Rxe8 Rxe8 22. Re1 f4 23. g4 Nf6 24. Bf1 Rxe1 25.
Qxe1 Qc2 26. Qf2 Qg6 27. Qd2 Qe8 28. Bd3 Nh7 29. Ne4 Bxb2 30. Qxb2 Qe7 31. Qd4 Be8 32. c5 dxc5 33. Qxc5 Kf8 34. d6 cxd6 35. Qxd6 Qxd6 36. Nxd6 Nf6 37. Nxb7 Bc6 38. Bxa6 Bxf3 39. h3 Ke7 40.
Kf2 Bd5 41. Nc5 Kd6 42. Nd3 Ne4+ 43. Ke1 Nc3 44. Nb4 Be4 45. Kd2 Nb1+ 46. Ke2 Kc5 47. Bd3 Kxb4 48. Bxe4 Nc3+ 49. Kf3 Nxa2 50. Bd5 Nc1 51. Ke4 Nxb3 52. Kf5 Nd4+ 53. Kg6 f3 54. Kxh6 f2 55. Bg2 Nf3 56. Kg6 Kc3 57. Bf1 Kd2 58. Kf5 Ke1 59. Ba6 f1=Q 60. Bxf1 Kxf1 61.
Ke4 Kf2 62. Kf5 Kg3 63. h4 Kxh4 64. Ke4 Kxg4 65. Ke3 Kg3 66. Ke2 g4 67. Kf1 Kh2 68. Kf2 g3+ 69. Kxf3 g2 70. Kg4 g1=Q+ 71. Kh4 Qg8 72.
Kh5 Kg3 73. Kh6 Kf4 74. Kh5 Qh7# 0-1

[Event "*** Titled Tuesday Blitz"]
[Site "Chess.com"]
[Date "2020.11.24"]
[Round "10"]
[White "GMaka"]
[Black "Savva09022009"]
[Result "1/2-1/2"]
[WhiteElo "2442"]
[BlackElo "2543"]
[TimeControl "180+1"]
[EndTime "12:13:52 PST"]
[Termination "Game drawn by repetition"]

1. d4 Nf6 2. Bg5 Ne4 3. Bf4 c5 4. f3 Nf6 5. d5 d6 6. e4 g6 7. Bb5+ Bd7 8. a4 Bg7 9. Nc3 O-O 10. Qd2 a6 11. Bxd7 Nbxd7 12. Bh6 Qc7 13. Nge2 Rab8 14.
h4 b5 15. axb5 axb5 16. h5 Rfe8 17. hxg6 fxg6 18. Bxg7 Kxg7 19. Qh6+ Kg8 20. Nf4 Nf8 21. g4 e5 22. dxe6 Nxe6 23. Ncd5 Nxd5 24. Nxd5 Qf7 25. Rh3 Nd4 26. Ra7 Nxf3+ 27. Kd1 Qxd5+ 28. Kc1 Qd2+ 29. Qxd2 Nxd2 30. Rhxh7 Nxe4 31. Rag7+ Kf8 32. Rf7+ Kg8 33. Rhg7+ Kh8 34. Rh7+ Kg8 35. Rfg7+ Kf8 36. Rc7 Nf6 37. Rcf7+ Kg8 38. Rfg7+ Kf8 39. Rf7+ Kg8 40. Rfg7+ Kf8 41. Rf7+ 1/2-1/2

[Event "*** Titled Tuesday Blitz"]
[Site "Chess.com"]
[Date "2020.11.24"]
[Round "10"]
[White "freshfoodcompany"]
[Black "ajedrezhoy"]
[Result "1-0"]
[WhiteElo "2366"]
[BlackElo "2225"]
[TimeControl "180+1"]
[EndTime "12:13:54 PST"]
[Termination "freshfoodcompany won on time"]

1. d4 c5 2. d5 Nf6 3. c4 b5 4. cxb5 a6 5. bxa6 g6 6. g3 Bxa6 7. Bg2 d6 8. Nf3 Bg7 9. Nc3 O-O 10. O-O Nbd7 11. Rb1 Ra7 12. Qc2 Qa8 13. Rd1 Rb8 14.
b3 Ng4 15. Bb2 c4 16. h3 Nge5 17. Nxe5 Nxe5 18. Na4 cxb3 19. axb3 Bb5 20. Bd4 Ra6 21.
Nc3 Be8 22. Ne4 Rc8 23. Qd2 Ra2 24. Qe3 Qa6 25. Bf1 Bb5 26. Nc3 Rc2 27. Nxb5 Qxb5 28. Rdc1 Rxc1 29. Rxc1 Rxc1 30. Qxc1 Qxd5 31. Qc8+ Bf8 32.
Be3 Qe6 33. Qa8 Kg7 34. Bh6+ Kxh6 35. Qxf8+ Kh5 36. g4+ Kg5 37. e3 Nf3+ 38. Kg2 Qe4 39. Kg3 f5 40. h4+ Nxh4 41. f4+ 1-0

[Event "*** Titled Tuesday Blitz"]
[Site "Chess.com"]
[Date "2020.11.24"]
[Round "10"]
[White "levallem"]
[Black "Nara_Kh"]
[Result "0-1"]
[WhiteElo "2232"]
[BlackElo "2365"]
[TimeControl "180+1"]
[EndTime "12:13:54 PST"]
[Termination "Nara_Kh won on time"]

1. d4 b6 2. e4 Bb7 3. Bd3 g6 4.
Be3 Bg7 5. Nd2 c5 6. c3 d6 7. Ngf3 Nf6 8. h3 O-O 9. O-O Nbd7 10. a4 Qc7 11. Qe2 a6 12. Rfc1 e5 13. b4 exd4 14.
cxd4 Rfe8 15. bxc5 dxc5 16. dxc5 bxc5 17. Rc4 Qd6 18. Rac1 Rac8 19. e5 Nxe5 20. Nxe5 Rxe5 21. Nb3 Nd7 22. Bf4 Qd5 23. Qf1 Rh5 24. Be4 Qe6 25.
Bxb7 Re8 26. Bf3 Nb6 27. Bxh5 Nxc4 28. Bf3 Ne5 29. Bxe5 Qxe5 30. Nxc5 Qd4 31. Nd3 Qxa4 32. Nc5 Qd4 33. Nxa6 Bh6 34. Rd1 Qb2 35. Nc5 Bd2 36. Nd3 Qc3 37. g3 Rd8 38. Be2 Bg5 39. Kg2 Qc6+ 40. Bf3 Qc2 0-1

[Event "*** Titled Tuesday Blitz"]
[Site "Chess.com"]
[Date "2020.11.24"]
[Round "10"]
[White "Sviridov_Valery"]
[Black "kingofthenil"]
[Result "1-0"]
[WhiteElo "2843"]
[BlackElo "2770"]
[TimeControl "180+1"]
[EndTime "12:13:56 PST"]
[Termination "Sviridov_Valery won on time"]

1. Nf3 Nf6 2. g3 d5 3. Bg2 e6 4. O-O Be7 5. c4 O-O 6. d4 c6 7. Qc2 b6 8. Rd1 Bb7 9. b3 a5 10. Nc3 Qc8 11. e4 dxe4 12. Nxe4 Nxe4 13. Qxe4 c5 14. d5 Bf6 15. Ng5 Bxg5 16. Bxg5 exd5 17.
cxd5 Re8 18. Qh4 Nd7 19. Qg4 Ne5 20. Qxc8 Raxc8 21. f4 Nd7 22. Bh3 Rcd8 23. Bxd8 Rxd8 24. Re1 Kf8 25. d6 Bc6 26. Rad1 Nf6 27. d7 Bxd7 28. Rd6 b5 29. Re5 c4 30. bxc4 bxc4 31. Rxa5 Ke7 32.
Rxd7+ Nxd7 33. Ra7 Kd6 34. Rxd7+ Rxd7 35. Bxd7 Kxd7 36. Kf2 Kc6 37. Ke3 Kb5 38. Kd4 Kb4 39.
g4 f6 40. f5 1-0

[Event "*** Titled Tuesday Blitz"]
[Site "Chess.com"]
[Date "2020.11.24"]
[Round "10"]
[White "politeplayer"]
[Black "Dave_ChessMate"]
[Result "0-1"]
[WhiteElo "2237"]
[BlackElo "2448"]
[TimeControl "180+1"]
[EndTime "12:13:56 PST"]
[Termination "Dave_ChessMate won by checkmate"]

1. e4 e5 2. Nf3 Nf6 3. d4 exd4 4.
e5 Ne4 5. Qxd4 d5 6. exd6 Nxd6 7.
Nc3 Nc6 8. Qf4 Be7 9. Bd3 O-O 10. h4 Bf6 11. Ng5 Re8+ 12. Be3 h6 13. O-O-O Bxg5 14. hxg5 Qxg5 15. Bh7+ Kf8 16. Qh2 Rxe3 17. fxe3 Qxe3+ 18.
Kb1 Bf5 19. Rhe1 Qg5 20. Rd5 Nb4 21. Rxf5 Nxf5 22. Qe5 Nd6 23. Qd4 Nc6 24. Qf2 g6 25.
Ne4 Nxe4 26. Rxe4 Kg7 27. Rf4 f5 28. Qd2 Kxh7 29. Qd7+ Qe7 30. Qxe7+ Nxe7 31. Rd4 Re8 32. Rd7 Kg8 33. Rxc7 Nd5 34. Rd7 Re1# 0-1

[Event "*** Titled Tuesday Blitz"]
[Site "Chess.com"]
[Date "2020.11.24"]
[Round "10"]
[White "Fusikk"]
[Black "canary2016"]
[Result "1-0"]
[WhiteElo "2474"]
[BlackElo "2001"]
[TimeControl "180+1"]
[EndTime "12:13:56 PST"]
[Termination "Fusikk won by checkmate"]

1. d4 d5 2. c4 c6 3. Nc3 Nf6 4. Bg5 e6 5. e3 Nbd7 6. Nf3 Qa5 7. Be2 Ne4 8. Qc2 Bb4 9. O-O Nxc3 10. bxc3 Bxc3 11.
Rab1 Bb4 12. cxd5 exd5 13. e4 O-O 14. exd5 cxd5 15. Bd3 h6 16. Bf4 Be7 17. Rb5 Qa3 18. Rxd5 Nf6 19. Rb5 a6 20. Rb3 Qa5 21. Bc7 Qd5 22.
Re1 Bd8 23. Bxd8 Rxd8 24. Bc4 Qd6 25. Rbe3 Bg4 26. Ne5 Be6 27. Bxe6 Qxe6 28. Ng6 Qc6 29. Ne7+ Kh8 30. Nxc6 bxc6 31. Qe2 Kh7 32. h3 Rf8 33. Qc2+ Kh8 34. Re7 Rfd8 35. Qc4 Rdc8 36. Qxf7 Rg8 37. Qg6 Raf8 38. R1e6 Rd8 39. Rxf6 gxf6 40.
Qh7# 1-0

[Event "*** Titled Tuesday Blitz"]
[Site "Chess.com"]
[Date "2020.11.24"]
[Round "10"]
[White "penguingm1"]
[Black "TrickyFortem"]
[Result "0-1"]
[WhiteElo "2935"]
[BlackElo "2540"]
[TimeControl "180+1"]
[EndTime "12:13:58 PST"]
[Termination "TrickyFortem won by resignation"]

1. g4 d5 2. Bg2 c6 3. h3 Nf6 4. c4 e5 5. cxd5 cxd5 6. Nc3 d4 7. Ne4 Nc6 8. d3 Be7 9. Bd2 Nd5 10. Rc1 O-O 11. Nf3 f5 12. gxf5 Bxf5 13. O-O Bxe4 14. dxe4 Nf6 15. Ng5 Qb6 16. b4 Nd8 17. a4 Nh5 18.
Nf3 Qe6 19. Qc2 Nf4 20. Qc4 Qxc4 21. Rxc4 Nxe2+ 22. Kh1 Bd6 23. Ne1 Ne6 24. Bf3 N2f4 25. Bg4 Rae8 26. b5 h5 27. Bxf4 Nxf4 28. Bd1 Nxh3 29.
Nd3 Nf4 30. Bc2 Ne2 31. Re1 Nc3 32. f4 exf4 33. e5 Bb8 34. Rxd4 f3 35. Rc4 Ne2 36. Bb3 Kh7 37. Rh4 Kh6 38. e6 f2 39. Rf1 Ng3+ 40.
Kg2 Nxf1 41. Kxf1 Rf3 42. Bc4 g5 43. Rh1 g4 44. Ne5 Bxe5 45. Be2 Rf4 0-1

[Event "*** Titled Tuesday Blitz"]
[Site "Chess.com"]
[Date "2020.11.24"]
[Round "10"]
[White "Mikhail_Golubev"]
[Black "Sergey85Rodchenkov"]
[Result "1-0"]
[WhiteElo "2568"]
[BlackElo "2449"]
[TimeControl "180+1"]
[EndTime "12:14:00 PST"]
[Termination "Mikhail_Golubev won by resignation"]

1. e4 c5 2. Nf3 d6 3. d4 cxd4 4. Nxd4 Nf6 5. Nc3 a6 6. Bc4 e6 7.
O-O b5 8. Bb3 Be7 9. f4 Bb7 10.
Be3 Nc6 11. a3 O-O 12. f5 Nxd4 13. Qxd4 e5 14. Qd3 h6 15. Bf2 Rc8 16. Rae1 Qc7 17. Bh4 Qc5+ 18. Kh1 Qd4 19. Bxf6 Bxf6 20. Qe2 Rxc3 21.
bxc3 Qxc3 22. Rd1 Be7 23. f6 Bxf6 24. Rxd6 Qc5 25. Rdxf6 gxf6 26. Qg4+ Kh8 27. Qh4 Qe3 28. Qxf6+ Kh7 29. Qe7 Bxe4 30. Rxf7+ Kg6 31. Rg7+ Kh5 32. Bf7+ Rxf7 33. Qxf7+ Kh4 34. Qf6+ Kh5 35. Qxe5+ Kh4 36. Qg3+ Kh5 37. Qxe3 1-0

[Event "*** Titled Tuesday Blitz"]
[Site "Chess.com"]
[Date "2020.11.24"]
[Round "10"]
[White "ajdemipopushi"]
[Black "Fh2411"]
[Result "0-1"]
[WhiteElo "2441"]
[BlackElo "2553"]
[TimeControl "180+1"]
[EndTime "12:14:00 PST"]
[Termination "Fh2411 won on time"]

1. Nf3 d5 2. g3 c6 3. c4 Bf5 4. cxd5 cxd5 5. Qb3 Qc7 6. Nc3 e6 7. Bg2 Nc6 8. O-O a6 9. d3 Nf6 10. Bf4 Bd6 11. Bxd6 Qxd6 12. Qxb7 O-O 13. Qb3 Rfb8 14.
Qc2 h6 15. Rfc1 Rc8 16. Qd2 Rab8 17. b3 e5 18. e4 Be6 19. exd5 Nxd5 20. Ne4 Qa3 21.
Nc5 Bg4 22. h3 Bxf3 23. Bxf3 Ndb4 24. Nd7 Nd4 25. Bg2 Rxc1+ 26. Rxc1 Re8 27. Re1 f6 28. Qc3 Kh8 29. Qc4 Nbc2 30. Rf1 Qd6 31. Nc5 a5 32. Ne4 Qb6 33. Qa4 Rc8 34. Qd7 Qc7 35.
Qg4 f5 36. Qg6 Rf8 37. Nd2 Qf7 38. Qa6 Qc7 39. Nc4 Ne2+ 40. Kh2 f4 41. Be4 fxg3+ 42. Kg2 gxf2 43. Rxf2 Ne3+ 0-1